 Dungeon Crawl Stone Soup version 0.21-a0-59-g7b0e191 (webtiles) character file.

632 HAL9000 the Cudgeler (level 7, -3/70 HPs)
             Began as an Ogre Hunter on June 16, 2017.
             Slain by a scorpion (9 damage)
             ... in an ossuary.
             The game lasted 00:11:17 (5604 turns).

HAL9000 the Cudgeler (Ogre Hunter)                  Turns: 5604, Time: 00:11:17

Health: -3/70      AC:  4    Str: 18    XL:     7   Next: 49%
Magic:  7/7        EV: 10    Int: 12    God:
Gold:   116        SH:  0    Dex: 10    Spells: 6/6 levels left

rFire    + . .     SeeInvis +   E - +0 flail
rCold    x . .     Gourm    .   (no shield)
rNeg     . . .     Faith    .   b - +0 robe
rPois    .         Spirit   .   (helmet restricted)
rElec    .         Reflect  .   A - +0 cloak
rCorr    .         Harm     .   (gloves unavailable)
MR       .....                  (boots unavailable)
Stlth    +.........             (no amulet)
HPRegen  0.21/turn              p - ring of see invisible
MPRegen  0.10/turn              G - ring of fire

@: lethally poisoned (-3 -> -5)
A: unfitting armour, tough skin 1
a: no special abilities


You were in an ossuary.
You were near starving.

You visited 1 branch of the dungeon, and saw 4 of its levels.
You also visited: Ossuary.

You collected 116 gold pieces.

Inventory:

Hand Weapons
 E - a +0 flail (weapon)
Missiles
 c - 4 large rocks (quivered)
 d - 4 throwing nets
 v - 3 javelins
Armour
 b - a +0 robe (worn)
 A - a +0 cloak (worn)
Jewellery
 p - a ring of see invisible (left hand)
 G - a ring of fire (right hand)
Scrolls
 s - a scroll of magic mapping
 x - a scroll of remove curse
 y - a scroll of fear {unknown}
 H - a scroll of teleportation
 I - a scroll of recharging {unknown}
Potions
 i - 2 potions of lignification {unknown}
 l - a potion of magic {unknown}
 q - a potion of flight
 t - 2 potions of heal wounds {unknown}
 D - a potion of degeneration {unknown}
Comestibles
 f - 3 bread rations
 n - 3 meat rations


   Skills:
 - Level 4.0 Fighting
 + Level 6.7 Maces & Flails
 - Level 4.0 Throwing
 - Level 1.7 Dodging
 - Level 0.6 Stealth


You had 6 spell levels left.
You didn't know any spells.

Dungeon Overview and Level Annotations

Branches:
Dungeon (4/15)
 Temple: D:4-7

Altars:


Innate Abilities, Weirdness & Mutations

You are too large for most types of armour.
You have tough skin. (AC +1)


Message History

You completely miss the scorpion.
The scorpion is severely wounded.
You feel sick.
The scorpion stings you but does no damage.
You hit the scorpion.
The scorpion is almost dead.
You feel sick. The scorpion barely misses you.
You hit the scorpion.
The scorpion is almost dead.
The scorpion stings you but does no damage.
You hit the scorpion but do no damage.
The scorpion is almost dead.
You feel sick. The scorpion barely misses you.
You closely miss the scorpion.
The scorpion is almost dead.
The scorpion stings you but does no damage.
You hit the scorpion but do no damage.
The scorpion is almost dead.
You feel sick. The scorpion stings you!
You die...

...#...#.......#...#
...8...#...8...'.∩.#
.......#...#...#...#
#8...8##############
.......#...#!??# ..#
...8...'^..#?.!+ ..#
...#...#..^#M!!# ..#
#########'#######'##
#.....#..@s.#
#.....#.....#
#.....8.....#
#...........#
#...........#
###8.....8###
...........
#...........#
#.....8.....#


You could see a scorpion.

Vanquished Creatures
  The ghost of Ijustatesigmund the Sneak, an amateur OpAs (D:3)
  2 scorpions (Ossuary)
  2 centaur zombies (Ossuary)
  Crazy Yiuf (D:3)
  2 orc priests (D:3)
  An orc wizard (D:3)
  A big kobold zombie (Ossuary)
  A mummy (Ossuary)
  Robin (D:3)
  3 scorpion zombies (Ossuary)
  3 adders
  4 worms
  3 dart slugs
  4 leopard geckos
  11 orcs (D:3)
  3 giant cockroaches
  21 goblins
  10 hobgoblins
  6 jackals
  6 kobolds
  A quokka (D:3)
  2 ball pythons
  7 bats
  5 frilled lizards
  3 goblin zombies (Ossuary)
  A hobgoblin zombie (Ossuary)
  2 kobold zombies (Ossuary)
  7 rats
114 creatures vanquished.

Notes
Turn   | Place    | Note
-------+----------+-------------------------------------------
     0 | D:1      | HAL9000 the Ogre Hunter began the quest for the Orb.
     0 | D:1      | Reached XP level 1. HP: 22/22 MP: 1/1
   241 | D:1      | Reached XP level 2. HP: 30/31 MP: 2/2
   530 | D:1      | Reached skill level 1 in Maces & Flails
   530 | D:1      | Reached XP level 3. HP: 32/39 MP: 3/3
  1612 | D:2      | Reached skill level 2 in Maces & Flails
  1902 | D:2      | Reached XP level 4. HP: 24/48 MP: 4/4
  2918 | D:3      | Noticed Ijustatesigmund's ghost (amateur OpAs)
  2923 | D:3      | Killed Ijustatesigmund's ghost
  2923 | D:3      | Reached skill level 4 in Maces & Flails
  2923 | D:3      | Reached XP level 5. HP: 54/54 MP: 5/5
  3040 | D:3      | Noticed Robin
  3475 | D:3      | Killed Robin
  3475 | D:3      | Reached XP level 6. HP: 50/62 MP: 6/6
  3609 | D:3      | Found a runed door.
  3702 | D:3      | Noticed Crazy Yiuf
  3710 | D:3      | Killed Crazy Yiuf
  3828 | D:3      | Reached skill level 5 in Maces & Flails
  5147 | D:4      | Found a sand-covered staircase.
  5178 | Ossuary  | Entered an ossuary
  5289 | Ossuary  | Reached skill level 6 in Maces & Flails
  5289 | Ossuary  | Reached XP level 7. HP: 50/70 MP: 7/7
  5604 | Ossuary  | Slain by a scorpion

Vault maps used:
D:1:      scummos_arrival_hexagon
D:3:      uniq_robin, uniq_crazy_yiuf_cottage
D:4:      minmay_temple_entry_overgrown, nicolae_ossuary_entry_monument,
          minmay_misc_feat_ornament, lemuel_old_faithful
Ossuary:  ossuary_minmay_scorpions

Skill      XL: |  1  2  3  4  5  6 |
---------------+-------------------+-----
Fighting       | 3 4 |  4.0
Maces & Flails | 1 2 4 6 |  6.7
Throwing       | |  4.0
Dodging        | |  1.7
Stealth        | |  0.6

Action                   |  1- 3 |  4- 6 |  7- 9 || total
-------------------------+-------+-------+-------++-------
Melee: Short sword       |   100 |       |       ||   100
       Mace              |    78 |   159 |       ||   237
       Flail             |       |   106 |    57 ||   163
Throw: Large rock        |       |    14 |       ||    14
  Use: Scroll            |     4 |     2 |       ||     6
       Potion            |       |     1 |     1 ||     2
  Eat: Chunk             |     2 |    12 |       ||    14
Armor: Robe              |    70 |    66 |    14 ||   150
Dodge: Dodged            |   120 |   171 |    30 ||   321
